 Dungeon Crawl Stone Soup version 0.25.1-2-g60ff931df9 (webtiles) character file.

Game seed: 17870263953210709792

738 definar the Grave Robber (level 8, -5/60 HPs)
             Began as a Human Necromancer on Sept 26, 2020.
             Was an Initiate of Okawaru.
             Slain by an orc
             ... wielding a +0 flail
              (7 damage)
             ... on level 6 of the Dungeon.
             The game lasted 00:22:54 (6670 turns).

definar the Grave Robber (Human Necromancer)        Turns: 6670, Time: 00:22:54

Health: -5/60      AC:  3    Str:  9      XL:     8   Next: 4%
Magic:  11/11      EV: 12    Int: 18      God:    Okawaru [......]
Gold:   176        SH:  0    Dex: 10 (13) Spells: 6/11 levels left

rFire    . . .     SeeInvis .   w - +1 war axe (freeze)
rCold    . . .     Gourm    .   (no shield)
rNeg     . . .     Faith    .   a - +0 robe
rPois    .         Spirit   .   (no helmet)
rElec    .         Reflect  .   h - scarf {+Inv}
rCorr    .         Harm     .   k - +0 pair of gloves
MR       .....                  (no boots)
Stlth    ++........             (no amulet)
HPRegen  0.20/turn              (no ring)
MPRegen  0.12/turn              (no ring)

@: brilliant
A: no striking features
a: Renounce Religion, Evoke Invisibility


You were on level 6 of the Dungeon.
You worshipped Okawaru.
Okawaru was noncommittal.
You were not hungry.

You visited 2 branches of the dungeon, and saw 7 of its levels.

You collected 176 gold pieces.

Inventory:

Hand Weapons
 f - a +0 whip
 w - a +1 war axe of freezing (weapon)
Missiles
 b - 136 stones
 l - 27 sling bullets
 q - 16 boomerangs (quivered)
Armour
 a - a +0 robe (worn)
 h - a scarf of invisibility (worn)
 k - a +0 pair of gloves (worn)
Magical Staves
 x - an uncursed staff of conjuration
Jewellery
 t - a cursed amulet of inaccuracy {unknown}
Scrolls
 e - a scroll of enchant weapon {unknown}
 g - 2 scrolls of fear {unknown}
 i - 2 scrolls of enchant armour {unknown}
 j - 2 scrolls of teleportation
 m - 5 scrolls of identify {unknown}
 r - 3 scrolls of remove curse {unknown}
 s - a scroll of amnesia {unknown}
 v - a scroll of immolation {unknown}
Potions
 u - a potion of flight {unknown}
 z - a potion of curing {unknown}
Comestibles
 c - 10 rations


   Skills:
 + Level 3.9 Fighting
 + Level 0.5 Axes
 - Level 2.0 Dodging
 - Level 3.5 Stealth
 - Level 2.0 Spellcasting
 - Level 7.7 Necromancy


You had 6 spell levels left.
You knew the following spells:

 Your Spells              Type           Power        Failure   Level  Hunger
a - Pain                  Necr           ####         1%          1    None
b - Vampiric Draining     Necr           #####.....   2%          3    None
k - Animate Skeleton      Necr           N/A          1%          1    None

Your spell library contained the following spells:

 Spells                   Type           Power        Failure   Level  Hunger
 Animate Dead             Necr           N/A          8%          4    None
 Agony                    Necr           #####...     22%         5    None


Dungeon Overview and Level Annotations

Branches:
Dungeon (6/15)             Temple (1/1) D:6

Altars:
Ashenzari
Cheibriados
Dithmenos
Elyvilon
Fedhas
Gozag
Hepliaklqana
Makhleb
Nemelex Xobeh
Okawaru
Qazlal
Ru
Trog
Uskayaw
Vehumet
Wu Jian
Xom
Yredelemnul
Zin

Annotations:
D:4 Blork the orc, Edmund
D:5 exclusions: phantom, sky beast and 1 more exclusion


Message History

* * * LOW HITPOINT WARNING * * *
The orc hits you but does no damage. The orc wizard barely misses you.
The orc hits you with a +0 club.
* * * LOW HITPOINT WARNING * * *
The orc barely misses you.
You hit the orc wizard. You freeze the orc wizard.
The orc wizard is almost dead.
You closely miss the orc. You slash the orc! You freeze the orc.
You kill the orc!
Okawaru accepts your kill.
The orc wizard gestures at you while chanting.
The magic dart hits you.
* * * LOW HITPOINT WARNING * * *
The orc barely misses you.
It was a potion of brilliance.
You feel clever all of a sudden.
The orc wizard hits you with a +0 dagger.
* * * LOW HITPOINT WARNING * * *
The orc hits you with a +0 flail!
You die...

.≈≈≈≈≈≈≈≈≈≈≈≈≈......
....≈≈≈≈≈≈≈≈≈≈≈≈≈≈≈.....
....≈≈≈≈≈≈...≈≈≈≈≈≈.....
##..≈≈≈≈≈≈.>.≈≈≈≈≈≈....#
#...≈≈≈≈≈≈...≈≈≈≈≈≈....#
#...≈≈≈≈≈≈≈≈≈≈≈≈≈....##
#.....≈≈≈≈≈≈≈≈≈......##
#.......≈≈≈≈≈.........#
#.....@)..............#
#....#oo......##........
........##)..#####......
.......####..# #......
....... #.... .......
....... #.#.#.........
....... ..### . .....
....... ..## .... ..


You could see an orc wizard and an orc.

Vanquished Creatures
  A sky beast (D:5)
  2 ogres
  A big kobold (D:5)
  3 crimson imps (D:5)
  A quasit (D:5)
  An orc priest (D:6)
  A hound (D:4)
  2 worker ants (D:4)
  A hound zombie (D:6)
  A worker ant zombie (D:5)
  3 adders
  An ooze (D:3)
  An adder zombie (D:5)
  An adder skeleton (D:4)
  4 worms
  2 dart slugs
  3 leopard geckos
  5 orcs
  2 ball pythons
  5 giant cockroaches
  2 goblins (D:2)
  9 hobgoblins
  6 bats
  5 frilled lizards
  8 kobolds
  4 rats
75 creatures vanquished.

Vanquished Creatures (collateral kills)
  A killer bee zombie (D:5)
  An ooze (D:1)
  A leopard gecko (D:1)
  A rat (D:2)
4 creatures vanquished.

Grand Total: 79 creatures vanquished

Notes
Turn   | Place    | Note
-------+----------+-------------------------------------------
     0 | D:1      | definar the Human Necromancer began the quest for the Orb.
     0 | D:1      | Reached XP level 1. HP: 13/13 MP: 3/3
    41 | D:1      | Learned a level 1 spell: Animate Skeleton
   234 | D:1      | Reached XP level 2. HP: 19/19 MP: 3/5
   822 | D:1      | Reached XP level 3. HP: 24/24 MP: 4/6
  1464 | D:2      | Learned a level 3 spell: Vampiric Draining
  1467 | D:2      | Reached skill level 5 in Necromancy
  2044 | D:2      | Reached XP level 4. HP: 18/30 MP: 3/7
  2562 | D:2      | Found a sparkling altar of Nemelex Xobeh.
  2568 | D:2      | Found a shimmering altar of Xom.
  2597 | D:2      | Found a bloodstained altar of Trog.
  2747 | D:3      | Found a snail-covered altar of Cheibriados.
  3547 | D:4      | Found a radiant altar of Vehumet.
  3559 | D:4      | Found a shimmering altar of Xom.
  3586 | D:4      | Found a shimmering altar of Xom.
  3586 | D:4      | Found a shimmering altar of Xom.
  3586 | D:4      | Found a shimmering altar of Xom.
  3586 | D:4      | Found a shimmering altar of Xom.
  3586 | D:4      | Found a shimmering altar of Xom.
  3589 | D:4      | Found a shimmering altar of Xom.
  3590 | D:4      | Found a shimmering altar of Xom.
  3641 | D:4      | Noticed Blork the orc
  3657 | D:4      | Reached skill level 6 in Necromancy
  3657 | D:4      | Reached XP level 5. HP: 24/35 MP: 2/8
  3732 | D:4      | Noticed Edmund
  3862 | D:4      | Noticed an ogre
  3911 | D:5      | Entered Level 5 of the Dungeon
  3925 | D:5      | Noticed an ogre
  4024 | D:4      | Killed an ogre
  4024 | D:4      | Reached XP level 6. HP: 34/41 MP: 0/9
  4197 | D:5      | Killed an ogre
  4197 | D:5      | Reached skill level 1 in Fighting
  4488 | D:5      | Noticed a sky beast
  4516 | D:5      | Reached skill level 7 in Necromancy
  4516 | D:5      | Reached XP level 7. HP: 22/50 MP: 0/10
  5762 | D:5      | Found a blossoming altar of Fedhas.
  6240 | D:5      | Noticed a water moccasin
  6382 | D:6      | Found a staircase to the Ecumenical Temple.
  6400 | D:6      | Reached XP level 8. HP: 50/60 MP: 11/11
  6403 | Temple   | Entered the Ecumenical Temple
  6633 | Temple   | Became a worshipper of Warmaster Okawaru
  6661 | D:6      | HP: 1/60 [orc wizard/magic dart (9)]
  6670 | D:6      | HP: 2/60 [orc wizard/+0 dagger (4)]
  6670 | D:6      | Slain by an orc

Illustrated notes

Levels and vault maps discovered:
D:1:      wander_arrival_chamber, layout_basic, serial_curves, eino_curves_03,
          eino_curves_04
D:2:      layout_basic, minmay_overflow_temple_star_quad, first_ration
D:3:      layout_loops_ring, cheibriados_altar_1
D:4:      layout_loops_ring, vehumet_crystals, marbit_many_paths,
          ebering_ghost_sewer_f, xom_redecorated, uniq_edmund,
          uniq_blork_the_orc
D:5:      layout_cave_pods, fedhas_altar_2
D:6:      layout_cave_pools, kiku_gazebo_pond_becter, temple_pool_b,
          nicolae_ossuary_entry_catacombs
Temple:   dshaligram_water_room_temple

Skill      XL: |  1  2  3  4  5  6  7 |
---------------+----------------------+-----
Necromancy     | 5 6 7 |  7.7
Stealth        | 3 |  3.5
Fighting       | 2 3 |  3.9
Axes           | |  0.5
Dodging        | |  2.0
Spellcasting   | |  2.0

Action                   |  1- 3 |  4- 6 |  7- 9 || total
-------------------------+-------+-------+-------++-------
Melee: Unarmed           |     2 |       |       ||     2
       Whip              |    18 |    21 |       ||    39
       War axe           |       |    16 |   104 ||   120
Throw: Boomerang         |       |     6 |    13 ||    19
 Cast: Pain              |    59 |    63 |    12 ||   134
       Animate Skeleton  |     9 |     7 |     4 ||    20
       Vampiric Draining |       |     7 |     3 ||    10
  Use: Potion            |     2 |       |     3 ||     5
       Scroll            |       |     1 |       ||     1
 Stab: Sleeping          |       |     1 |       ||     1
  Eat: Chunk             |     4 |     9 |       ||    13
       Ration            |       |       |     3 ||     3
Armor: Robe              |     7 |    13 |    40 ||    60
Dodge: Dodged            |    24 |    42 |    92 ||   158
